 Dungeon Crawl Stone Soup version 0.22.1-1-ga44c0e5 (webtiles) character file.

2852 raoullector the Reanimator (level 9, -6/93 HPs)
             Began as a Demonspawn Necromancer on Oct 3, 2018.
             Was a Follower of Sif Muna.
             Mangled by a death yak (12 damage)
             ... on level 8 of the Dungeon on Oct 4, 2018.
             The game lasted 02:37:21 (13754 turns).

raoullector the Reanimator (DsNe)                  Turns: 13754, Time: 02:37:21

Health: -6/93      AC: 18    Str: 15    XL:     9   Next: 46%
Magic:  0/19       EV: 14    Int: 18    God:    Sif Muna [*.....]
Gold:   413        SH:  0    Dex: 14    Spells: 1/22 levels left

rFire    . . .     SeeInvis .   h - +0 war axe
rCold    . . .     Gourm    .   (no shield)
rNeg     . . .     Faith    .   e - +1 ring mail {MR+}
rPois    .         Spirit   +   w - +0 helmet
rElec    .         Reflect  .   o - +0 cloak
rCorr    .         Harm     .   (no gloves)
MR       +....                  (no boots)
Stlth    ..........             v - amulet of guardian spirit
HPRegen  0.25/turn              q - +2 ring of evasion
MPRegen  0.16/turn              (no ring)

@: berserking, sanguine armour, very quick
A: hooves 1, demonic guardian 1, spiny 1, sanguine armour 2
a: Divine Energy, Renounce Religion


You were on level 8 of the Dungeon.
You worshipped Sif Muna.
Sif Muna was aware of your devotion.
You were not hungry.

You visited 1 branch of the dungeon, and saw 8 of its levels.

You collected 413 gold pieces.

Inventory:

Hand Weapons
 d - a +0 short sword
 h - a +0 war axe (weapon)
 i - a +0 hunting sling
 s - a +0 flail of protection
 u - a +3 dagger of electrocution
 B - the +9 war axe "Fuesh" {vamp, Str+6 Int-5, unknown}
   (You found it on level 5 of the Dungeon)

   It inflicts no extra harm, but heals its wielder when it wounds a living foe.
   It affects your strength (+6).
   It affects your intelligence (-5).
 L - a +0 hand axe
 M - a cursed +3 trident
Missiles
 b - 135 stones
 p - 4 needles of confusion
 r - 45 sling bullets (quivered)
 t - 59 bolts
 G - 49 arrows
 O - 9 poisoned needles
Armour
 e - a +1 ring mail of magic resistance (worn)
 o - a +0 cloak (worn)
 w - a +0 helmet (worn)
Jewellery
 q - a +2 ring of evasion (left hand)
 v - an amulet of guardian spirit (around neck)
 y - an uncursed ring of fire {unknown}
 J - an uncursed ring of protection from cold
 K - an uncursed ring of ice {unknown}
Wands
 H - a wand of iceblast (10)
Scrolls
 f - a scroll of teleportation
 k - 5 scrolls of immolation
 n - a scroll of noise
 D - a scroll of amnesia {unknown}
 I - a scroll of remove curse {unknown}
 N - a scroll of enchant armour
Potions
 a - a potion of agility
 l - a potion of berserk rage
 m - a potion of magic
 x - a potion of resistance
 z - a potion of mutation {unknown}
 A - 3 potions of brilliance
 C - a potion of curing {unknown}
 E - 2 potions of lignification {unknown}
 F - a potion of haste {unknown}
Comestibles
 c - 4 rations


   Skills:
 + Level 2.8 Fighting
 + Level 4.7 Axes
 + Level 1.6(1.7) Slings
 + Level 0.2(1.0) Throwing
 + Level 3.8 Armour
 + Level 3.0 Dodging
 + Level 2.5 Stealth
 + Level 7.0 Spellcasting
 + Level 8.3 Necromancy


You had one spell level left.
You knew the following spells:

 Your Spells              Type           Power        Failure   Level  Hunger
a - Pain                  Necr           ####         1%          1    None
b - Animate Skeleton      Necr           N/A          1%          1    None
c - Vampiric Draining     Necr           #####.....   1%          3    ##.....
d - Regeneration          Chrm/Necr      ###.......   11%         3    ##.....
e - Animate Dead          Necr           N/A          6%          4    ####...
f - Freeze                Ice            #...         21%         1    None
g - Summon Ice Beast      Ice/Summ       #.......     89%         4    ####...
h - Throw Icicle          Conj/Ice       #.......     89%         4    ####...

Your spell library contained the following spells:

 Spells                   Type           Power        Failure   Level  Hunger
 Corona                   Hex            #......      21%         1    None
 Ensorcelled Hibernation  Hex/Ice        #.....       30%         2    None
 Throw Frost              Conj/Ice       #.....       30%         2    None
 Confuse                  Hex            #.......     52%         3    ##.....
 Dazzling Spray           Conj/Hex       #.....       52%         3    ##.....
 Ozocubu's Armour         Chrm/Ice       #.......     52%         3    ##.....
 Tukima's Dance           Hex            #.......     52%         3    ##.....


Dungeon Overview and Level Annotations

Branches:
Dungeon (8/15)             Temple (0/1) D:7            Lair (0/6) D:8

Altars:
Ashenzari
Fedhas
Nemelex Xobeh
Sif Muna
Uskayaw

Annotations:
D:8 1 runed door, MordorOrchid's ghost, novice TrEE


Innate Abilities, Weirdness & Mutations

You have large cloven feet.
A weak demonic guardian rushes to your aid.
You are partially covered in sharp spines.
When seriously injured, your bleeding wounds create thick armour. (AC +9)


Message History

Your ring mail prevents you from hitting the death yak.
You closely miss the yak. The yak gores you! The death yak gores you!
* * * LOW HITPOINT WARNING * * *
The death yak is struck by your spines. The death yak closely misses you.
A red film seems to cover your vision as you go berserk!
You feel yourself moving faster!
You feel mighty! The yak gores you but does no damage.
The death yak is struck by your spines. The death yak completely misses you.
The death yak barely misses you. The yak is struck by your spines.
The yak barely misses you.
You barely miss the death yak.
You kick the death yak, but do no damage.
The death yak is moderately wounded.
You barely miss the death yak. You slash the death yak! You hit the yak.
You slash the yak! The yak is struck by your spines. The yak gores you!
* * * LOW HITPOINT WARNING * * *
The death yak is struck by your spines.
The death yak gores you but does no damage.
The death yak is struck by your spines. The death yak closely misses you.
The death yak is struck by your spines. The death yak gores you!
You die...

....## #........<##..#
.....>##....Y........#
.......).............#
.>...................#
.....................#
...........#.#.#.....#
.(.......#.....#Y..[.#
.............###YY..)#######
........###..#
#@Y>........## ........#
#..##YY..........##
.....####
#.......#.........#
###<..#...........#
##......#.........#
#.......#.........#
#.......#.........#
#.......#.........#
##.....##.........#


You could see 3 death yaks and 3 yaks.

Vanquished Creatures
  An orc warrior (D:6)
  3 sky beasts
  A phantom (D:6)
  A necrophage (D:5)
  A crocodile (D:7)
  Blork the orc (D:6)
  A bullfrog (D:7)
  Dowan (D:5)
  2 scorpions (D:7)
  5 killer bees
  3 wights (D:7)
  A howler monkey (D:7)
  3 crimson imps (D:7)
  A jelly (D:6)
  4 orc priests
  4 hounds
  4 bullfrog skeletons
  A centaur skeleton (D:6)
  10 orc wizards
  10 worker ants
  A hound skeleton (D:7)
  Robin (D:3)
  3 gnolls (D:5)
  A howler monkey skeleton (D:4)
  9 adders
  4 shadow imps
  An ooze (D:2)
  An adder skeleton (D:7)
  5 worms
  6 leopard geckos
  30 orcs
  3 giant cockroaches
  13 goblins
  11 hobgoblins
  4 jackals (D:4)
  4 quokkas
  5 bats
  A frilled lizard (D:4)
  A jackal skeleton (D:4)
  5 kobolds
  A leopard gecko zombie (D:5)
  2 quokka skeletons
  6 rats
176 creatures vanquished.

Vanquished Creatures (collateral kills)
  Duvessa (D:5)
  An ice beast (D:5)
  A phantom (D:4)
  An ogre (D:7)
  A crimson imp (D:6)
  A killer bee zombie (D:8)
  A shadow imp (D:8)
  An orc (D:7)
8 creatures vanquished.

Grand Total: 184 creatures vanquished

Notes
Turn   | Place    | Note
-------+----------+-------------------------------------------
     0 | D:1      | raoullector the Demonspawn Necromancer began the quest for
                  | the Orb.
     0 | D:1      | Reached XP level 1. HP: 13/13 MP: 3/3
   592 | D:1      | Gained mutation: When seriously injured, your bleeding
                  | wounds create armour. (AC +9) [demonic ancestry]
   592 | D:1      | Reached XP level 2. HP: 19/19 MP: 3/5
   644 | D:1      | Learned a level 1 spell: Animate Skeleton
  1251 | D:2      | Found a sparkling altar of Nemelex Xobeh.
  1875 | D:2      | Reached XP level 3. HP: 20/24 MP: 1/7
  2272 | D:2      | Reached skill level 5 in Necromancy
  2324 | D:2      | Gained mutation: You have large cloven feet. [demonic
                  | ancestry]
  2324 | D:2      | Reached XP level 4. HP: 12/31 MP: 0/8
  3007 | D:3      | Reached skill level 1 in Axes
  3194 | D:3      | Found a blossoming altar of Fedhas.
  3227 | D:3      | Gained mutation: A weak demonic guardian rushes to your
                  | aid. [demonic ancestry]
  3227 | D:3      | Reached XP level 5. HP: 36/36 MP: 8/10
  3318 | D:3      | Reached skill level 1 in Armour
  3351 | D:3      | Learned a level 3 spell: Vampiric Draining
  3355 | D:3      | Learned a level 3 spell: Regeneration
  4149 | D:3      | Noticed Robin
  4171 | D:3      | Killed Robin
  4688 | D:4      | Noticed a phantom
  4732 | D:4      | Killed a phantom
  4732 | D:4      | Reached skill level 1 in Fighting
  4732 | D:4      | Gained mutation: You are partially covered in sharp spines.
                  | [demonic ancestry]
  4732 | D:4      | Reached XP level 6. HP: 28/43 MP: 11/11
  5522 | D:4      | Reached skill level 6 in Necromancy
  6345 | D:4      | Learned a level 4 spell: Animate Dead
  6373 | D:5      | Entered Level 5 of the Dungeon
  6373 | D:5      | Noticed Dowan
  6535 | D:5      | Noticed Duvessa
  6627 | D:5      | Gained mutation: When seriously injured, your bleeding
                  | wounds create thick armour. (AC +9) [demonic ancestry]
  6627 | D:5      | Reached XP level 7. HP: 46/48 MP: 13/13
  6882 | D:5      | Learned a level 1 spell: Freeze
  6888 | D:5      | Got a smoking war axe
  7429 | D:5      | Killed Duvessa
  7431 | D:5      | Killed Dowan
  7431 | D:5      | Reached skill level 5 in Spellcasting
  7557 | D:5      | Reached skill level 1 in Slings
  7905 | D:5      | Reached skill level 7 in Necromancy
  8120 | D:6      | Noticed Blork the orc
  8275 | D:5      | Reached XP level 8. HP: 36/54 MP: 8/16
  8382 | D:6      | Killed Blork the orc
  9375 | D:6      | Found a shattered altar of Ashenzari.
  9541 | D:6      | Found a deep blue altar of Sif Muna.
  9552 | D:6      | Became a worshipper of Sif Muna the Loreminder
  9960 | D:7      | Reached XP level 9. HP: 23/62 MP: 7/18
 11106 | D:7      | Reached skill level 8 in Necromancy
 11228 | D:7      | Found a staircase to the Ecumenical Temple.
 11382 | D:7      | Learned a level 4 spell: Summon Ice Beast
 11387 | D:7      | Learned a level 4 spell: Throw Icicle
 11944 | D:7      | Reached * piety under Sif Muna
 12211 | D:8      | Found a runed gate.
 12212 | D:8      | Noticed MordorOrchid's ghost (novice TrEE)
 12212 | D:8      | Noticed a kobold demonologist
 12239 | D:8      | Noticed a cyan ugly thing
 12252 | D:8      | Found a hide-covered altar of Uskayaw.
 12258 | D:8      | Noticed a two-headed ogre
 12276 | D:8      | Noticed a death yak
 12277 | D:8      | Noticed a death yak
 12279 | D:8      | Found a staircase to the Lair.
 12281 | D:8      | Noticed a death yak
 13754 | D:8      | Mangled by a death yak

Skill      XL: |  1  2  3  4  5  6  7  8  9 |
---------------+----------------------------+-----
Necromancy     | 5 6 7 8 |  8.3
Spellcasting   | 3 4 5 6 7 |  7.0
Dodging        | 2 3 |  3.0
Axes           | 1 2 4 |  4.7
Armour         | 1 2 3 |  3.8
Fighting       | 1 2 |  2.8
Slings         | 1 |  1.6
Stealth        | 2 |  2.5
Throwing       | |  0.2

Action                   |  1- 3 |  4- 6 |  7- 9 || total
-------------------------+-------+-------+-------++-------
Melee: War axe           |    41 |    67 |   201 ||   309
       Kick              |       |    18 |    42 ||    60
 Fire: Hunting sling     |       |     2 |    23 ||    25
Throw: Stone             |       |       |     5 ||     5
 Cast: Pain              |    49 |   100 |   117 ||   266
       Animate Dead      |       |       |     2 ||     2
  Use: Scroll            |     7 |     8 |     6 ||    21
       Potion            |     1 |       |     5 ||     6
 Stab: Distracted        |       |       |     3 ||     3
  Eat: Ration            |     1 |     5 |     6 ||    12
Armor: Ring mail         |    33 |    32 |    96 ||   161
Dodge: Dodged            |    50 |    44 |   124 ||   218
